 Dungeon Crawl Stone Soup version 0.30-a0-626-gd6a5dd7a1f (webtiles) character file.

Game seed: 4870498305053863671

6 Leeroy the Slasher (level 1, -5/16 HPs)
             Began as a Merfolk Gladiator on Jan 11, 2023.
             Slain by a kobold
             ... wielding a +2 whip of distortion
              (19 damage)
             ... on level 1 of the Dungeon.
             The game lasted 00:00:11 (101 turns).

Leeroy the Slasher (Merfolk Gladiator)               Turns: 101, Time: 00:00:12

Health: -5/16      AC:  4    Str: 14    XL:     1   Next: 90%
Magic:  1/1        EV: 13    Int:  7    God:
Gold:   0          SH:  0    Dex: 15    Spells: 0/0 levels left

rFire   . . .      SeeInvis .    a - +0 long sword
rCold   . . .      Faith    .    (no shield)
rNeg    . . .      Spirit   .    b - +0 leather armour
rPois   .          Reflect  .    c - +0 helmet
rElec   .          Harm     .    (no cloak)
rCorr   .          Rampage  .    (no gloves)
Will    .....                    (no boots)
Stlth   +                        (no amulet)
HPRegen 0.22/turn                (no ring)
MPRegen 0.07/turn                (no ring)

@: no status effects
A: (nimble swimmer 2), mertail
a: no special abilities


You were on level 1 of the Dungeon.
You visited 1 branch of the dungeon, and saw 1 of its levels.

Inventory:

Hand Weapons
 a - a +0 long sword (weapon)
Missiles
 d - 3 throwing nets (quivered)
 e - a javelin
Armour
 b - a +0 leather armour (worn)
 c - a +0 helmet (worn)
Scrolls
 f - a scroll of magic mapping {unknown}


   Skills:
 - Level 2.1 Fighting
 + Level 4.2 Long Blades
 - Level 2.0 Throwing
 - Level 4.0 Dodging


You couldn't memorise any spells.
You didn't know any spells.
Your spell library was empty.

Dungeon Overview and Level Annotations

Branches:
Dungeon (1/15)

Altars:


Innate Abilities, Weirdness & Mutations

((You are very nimble when in or above water. (Stealth+, EV+, Speed+++)))
Your lower body shifts to a powerful aquatic tail in water.


Message History

No target in view!
No target in view!
HP restored.
You see here a rat corpse.
A frilled lizard comes into view.
The frilled lizard hisses angrily.
A frilled lizard is nearby!
An endoplasm comes into view.
The endoplasm quivers.
You barely miss the frilled lizard. The frilled lizard barely misses you.
You slash the frilled lizard!
You kill the frilled lizard!
The endoplasm closely misses you.
You hit the endoplasm.
The endoplasm is heavily wounded.
The endoplasm freezes you.
You are frozen.
You hit the endoplasm.
You kill the endoplasm!
Your Long Blades skill increases to level 4!
No target in view!
No target in view!
No target in view!
No target in view!
f - a scroll labelled BUGITOOLAE An endoplasm comes into view.
The endoplasm quivers.
Your legs become a tail as you enter the water.
A kobold comes into view. It is wielding a +2 whip of distortion.
The kobold shouts!
You hear a shout!
You hear an angry hiss.
You hit the endoplasm.
You kill the endoplasm!
A frilled lizard comes into view.
Found a faded altar of an unknown god.
The frilled lizard hisses angrily.
You barely miss the kobold.
The kobold hits you with a +2 whip of distortion.
Space warps horribly around you!!
Ouch! That really hurt!
You die...

........ ##......
...... #....#
####..P.
#....P.###
#.?....#_# #
#....~.#.#..#..
#.....#@~..Pl..
#.....#PK~⌠⌠P..
#.....#PP.⌠.P..
+.....#.P..PP.P
#....#.~P.....P
####....#.....≈P..
#.......##########
#........# #.....#
#........# #.....#


You could see a kobold and a frilled lizard.

Vanquished Creatures
  2 endoplasms (D:1)
  A hobgoblin (D:1)
  2 frilled lizards (D:1)
  A rat (D:1)
6 creatures vanquished.

Notes
Turn   | Place    | Note
-------+----------+-------------------------------------------
     0 | D:1      | Leeroy the Merfolk Gladiator began the quest for the Orb.
     0 | D:1      | Reached XP level 1. HP: 16/16 MP: 1/1
   100 | D:1      | Found a faded altar of an unknown god.
   101 | D:1      | Slain by a kobold

Illustrated notes

Levels and vault maps discovered:
D:1:      matt_arrival_spirals, layout_basic,
          shapermc_ecumenical_altar_mp_ritualfount

Skill      XL: |  1 |
---------------+----+-----
Long Blades    | 4 |  4.2
Fighting       | |  2.1
Throwing       | |  2.0
Dodging        | |  4.0

Action                   || total
-------------------------++-------
Melee: Long sword        ||    11
Dodge: Dodged            ||     4

Table legend: (Time is in decaauts)
 A = Elapsed time spent in this place.
 B = Non-inter-level travel time spent in this place.
 C = Inter-level travel time spent in this place.
 D = Time resting spent in this place.
 E = Time spent auto-exploring this place.
 F = Levels seen in this place.
 G = Mean time per level.
                   A        B        C        D        E       F      G
               +--------+--------+--------+--------+--------+-----+--------+
         Total |    102 |    102 |      0 |      0 |     67 |   1 |  102.0 |
       Dungeon |    102 |    102 |      0 |      0 |     67 |   1 |  102.0 |
               +--------+--------+--------+--------+--------+-----+--------+

Top non-repeatable levels by time:
     D:1: 102 daAuts
